 Dungeon Crawl Stone Soup version 0.23.0 (webtiles) character file.

Game seed: 9404152348976260178

131 DarkinPup the Slasher (level 4, -4/35 HPs)
             Began as a Demonspawn Gladiator on Feb 12, 2019.
             Slain by an orc wizard
             ... wielding a +2 dagger of holy wrath
              (5 damage)
             ... on level 2 of the Dungeon.
             The game lasted 00:03:31 (1988 turns).

DarkinPup the Slasher (Demonspawn Gladiator)        Turns: 1988, Time: 00:03:32

Health: -4/35      AC:  4    Str: 14    XL:     4   Next: 91%
Magic:  0/4        EV: 13    Int: 10    God:
Gold:   234        SH:  0    Dex: 15    Spells: 3/3 levels left

rFire    . . .     SeeInvis .   a - +0 long sword
rCold    . . .     Gourm    .   (no shield)
rNeg     . . .     Faith    .   b - +0 leather armour
rPois    .         Spirit   +   c - +0 helmet
rElec    .         Reflect  .   (no cloak)
rCorr    .         Harm     .   (no gloves)
MR       .....                  (no boots)
Stlth    +.........             (no amulet)
HPRegen  0.11/turn              (no ring)
MPRegen  0.09/turn              (no ring)

@: no status effects
A: hooves 1, powered by death 1, magic shield
a: no special abilities


You were on level 2 of the Dungeon.
You were not hungry.

You visited 1 branch of the dungeon, and saw 3 of its levels.

You collected 234 gold pieces.

Inventory:

Hand Weapons
 a - a +0 long sword (weapon)
Missiles
 d - 2 throwing nets (quivered)
Armour
 b - a +0 leather armour (worn)
 c - a +0 helmet (worn)
 p - a +0 ring mail
Scrolls
 e - a scroll of noise {unknown}
 g - 4 scrolls of identify {unknown}
 j - a scroll of enchant armour {unknown}
 k - a scroll of fear {unknown}
 l - 3 scrolls of teleportation {unknown}
 m - a scroll of remove curse {unknown}
Potions
 h - 2 potions of cancellation {unknown}
 i - 2 potions of resistance {unknown}
 n - a potion of curing {unknown}
 o - a potion of flight {unknown}
 q - a potion of agility
Comestibles
 f - 3 rations


   Skills:
 * Level 3.3 Fighting
 * Level 3.7 Long Blades
 - Level 1.7 Throwing
 + Level 0.0 Armour
 * Level 3.6 Dodging


You had 3 spell levels left.
You didn't know any spells.
Your spell library was empty.

Dungeon Overview and Level Annotations

Branches:
Dungeon (3/15)

Altars:
Uskayaw

Annotations:
D:2 Terence


Innate Abilities, Weirdness & Mutations

You have large cloven feet.
You regenerate a little health from kills.
When hurt, damage is shared between your health and your magic reserves.


Message History

You throw a throwing net. The throwing net hits Terence.
Terence is caught in the net!
Terence is moderately wounded.
Terence struggles against the net.
The orc wizard points at you and mumbles some strange words.
The puff of frost hits you.
You barely miss the orc wizard.
The orc wizard is lightly wounded.
Terence struggles against the net.
The orc wizard gestures at you while chanting.
The magic dart hits you!
* * * LOW HITPOINT WARNING * * *
Terence struggles against the net.
You hit the orc wizard.
You kick the orc wizard, but do no damage.
The orc wizard is moderately wounded.
The orc wizard hits you with a +2 dagger of holy wrath.
* * * LOW HITPOINT WARNING * * *
You convulse.
You die...

####.#####...........#.##
####
####<########.##........##
#.......# #.##..#..#...#
#.##รท##.#
###..........#.# #.##.##.#
#.....#.####...# #.#..##.#
#.....#.......####
#.#.###.#
#.....####..)....#
#.......# #..[..#
#(##.##.# ###.#####
#..o@@# #.##.##.# #.#
####### #....##.# #.#
######## #..####.# #.#
#......## #..####.# #.#
#.##....## #.......#
#.####.##.....## ##.######
#..............# #.#
######.#.......####.#
#..............#


You could see Terence (caught) and an orc wizard.

Vanquished Creatures
  4 adders (D:2)
  3 worms (D:2)
  3 dart slugs
  2 leopard geckos
  2 orcs (D:2)
  2 giant cockroaches (D:2)
  8 goblins
  3 hobgoblins
  6 jackals
  17 kobolds
  A quokka (D:2)
  8 bats
  4 frilled lizards (D:1)
  11 rats
74 creatures vanquished.

Notes
Turn   | Place    | Note
-------+----------+-------------------------------------------
     0 | D:1      | DarkinPup the Demonspawn Gladiator began the quest for the
                  | Orb.
     0 | D:1      | Reached XP level 1. HP: 16/16 MP: 1/1
   193 | D:1      | Gained mutation: When hurt, damage is shared between your
                  | health and your magic reserves. [demonic ancestry]
   193 | D:1      | Reached XP level 2. HP: 22/22 MP: 2/2
   346 | D:1      | Gained mutation: You have large cloven feet. [demonic
                  | ancestry]
   346 | D:1      | Reached XP level 3. HP: 19/28 MP: 1/3
  1080 | D:2      | Gained mutation: You regenerate a little health from kills.
                  | [demonic ancestry]
  1080 | D:2      | Reached XP level 4. HP: 25/35 MP: 1/4
  1103 | D:2      | Found a hide-covered altar of Uskayaw.
  1105 | D:2      | Noticed a +0 dagger
  1108 | D:2      | Noticed a +0 hand axe
  1698 | D:3      | Noticed Terence
  1988 | D:2      | HP: 1/35 [orc wizard/+2 dagger of holy wrath (3)]
  1988 | D:2      | Slain by an orc wizard

Skill      XL: |  1  2  3 |
---------------+----------+-----
Dodging        | 3 |  3.6
Long Blades    | 3 |  3.7
Fighting       | 3 |  3.3
Throwing       | |  1.7

Action                   |  1- 3 |  4- 6 || total
-------------------------+-------+-------++-------
Melee: Long sword        |    99 |    83 ||   182
       Kick              |    10 |    22 ||    32
Throw: Throwing net      |       |     1 ||     1
 Stab: Sleeping          |     1 |     1 ||     2
  Eat: Chunk             |     1 |     3 ||     4
Armor: Leather armour    |    27 |    16 ||    43
Dodge: Dodged            |    91 |    67 ||   158
       Rpst.: Long sword |    32 |    23 ||    55
